 Dungeon Crawl Stone Soup version 0.31-a0-845-g9abc20d24f (webtiles) character file.

Game seed: 5486990468647874786

121 croobank the Covert (level 5, -1/47 HPs)
             Began as a Gnoll Delver on Oct 2, 2023.
             Succumbed to a scorpion's poison
             ... on level 5 of the Dungeon.
             The game lasted 00:03:30 (538 turns).

croobank the Covert (Gnoll Delver)                   Turns: 538, Time: 00:03:31

Health: -1/47      AC:  3    Str: 11    XL:     5   Next: 5%
Magic:  7/7        EV: 13    Int:  9    God:
Gold:   18         SH:  0    Dex: 16    Spells: 6/6 levels left

rFire   . . .        b - +0 shortbow
rCold   . . .        (shield currently unavailable)
rNeg    . . .        i - +0 leather armour
rPois   .            (no helmet)
rElec   .            (no cloak)
rCorr   .            (no gloves)
SInv    .            (no boots)
Will    .....        (no amulet)
Stlth   ++++         (no ring)
HPRegen 0.27/turn    (no ring)
MPRegen 0.10/turn

%: no passive effects
@: lethally poisoned (-1 -> -6)
A: fangs 1, strong nose, distributed training
a: no special abilities


You were on level 5 of the Dungeon.
You visited 1 branch of the dungeon, and saw 2 of its levels.

You collected 18 gold pieces.

Inventory:

Hand Weapons
 a - a +0 short sword
 b - a +0 shortbow (weapon)
 j - a +0 trident
Missiles
 k - 4 poisoned darts
Armour
 h - a +0 ring mail
 i - a +0 leather armour (worn)
Wands
 g - a wand of digging (3)
Scrolls
 c - a scroll of fog
 d - a scroll of revelation
Potions
 f - a potion of haste


   Skills:
 + Level 6.6 Fighting
 + Level 4.7 Short Blades
 + Level 1.3 Long Blades
 + Level 1.3 Axes
 + Level 1.3 Maces & Flails
 + Level 1.3 Polearms
 + Level 1.3 Staves
 + Level 1.3 Ranged Weapons
 + Level 1.3 Throwing
 + Level 1.3 Armour
 + Level 4.7 Dodging
 + Level 9.6 Stealth
 + Level 1.3 Shields
 + Level 1.3 Unarmed Combat
 + Level 1.3 Spellcasting
 + Level 1.1 Conjurations
 + Level 1.1 Hexes
 + Level 1.1 Summonings
 + Level 1.1 Necromancy
 + Level 1.1 Translocations
 + Level 1.1 Transmutations
 + Level 1.1 Fire Magic
 + Level 1.1 Ice Magic
 + Level 1.1 Air Magic
 + Level 1.1 Earth Magic
 + Level 1.1 Poison Magic
 + Level 1.5 Invocations
 + Level 1.3 Evocations
 + Level 1.2 Shapeshifting


You had 6 spell levels left.
You didn't know any spells.
Your spell library contained the following spells:

 Spells                   Type           Power      Damage    Failure   Level
 Blink                    Tloc           4%         N/A       41%         2
 Lesser Beckoning         Tloc           4%         N/A       41%         2
 Momentum Strike          Conj/Tloc      4%         3d8       41%         2


Dungeon Overview and Level Annotations

Branches:
Dungeon (6/15)
 Temple: D:4-7

Altars:
Gozag


Innate Abilities, Weirdness & Mutations

You have very sharp teeth.
Your uncanny sense of smell can sniff out nearby items.
Your experience applies equally to all skills.


Message History

You hit the scorpion but do no damage.
You bite the scorpion, but do no damage.
The scorpion is moderately wounded.
You feel sick. The scorpion barely misses you.
You barely miss the scorpion.
You bite the scorpion, but do no damage.
The scorpion is moderately wounded.
You feel sick. The scorpion misses you.
You barely miss the scorpion.
The scorpion is moderately wounded.
You feel sick. The scorpion closely misses you.
You barely miss the scorpion.
The scorpion is moderately wounded.
The scorpion stings you.
* * * LOW HITPOINT WARNING * * *
You are lethally poisoned!
The scorpion poisons you!
Okay, then.
As you read the scroll of fear, it crumbles to dust.
You assume a fearsome visage.
The scorpion looks frightened!
* * * LOW HITPOINT WARNING * * *
You feel very sick.
* * * LOW HITPOINT WARNING * * *
You feel very sick.
b - a +0 shortbow (weapon)
* * * LOW HITPOINT WARNING * * *
You feel sick.
Fire: b) +0 shortbow
Press: ? - help, Q - select action, (/) - cycle Shift-Dir - straight line, f/p - scorpion
Aim: a scorpion (moderately wounded, fleeing, 63% to hit)
You shoot an arrow. The arrow closely misses the scorpion.
* * * LOW HITPOINT WARNING * * *
You feel sick.
Fire: b) +0 shortbow
Press: ? - help, Q - select action, (/) - cycle Shift-Dir - straight line, f/p - scorpion
Aim: a scorpion (moderately wounded, fleeing, 63% to hit)
You shoot an arrow. The arrow hits the scorpion.
Your attack snaps the scorpion out of its fear.
The scorpion is heavily wounded.
You die...

#.#####.##
#........## #
#####.....# ###
####.######....>#
..#
................#
###.##.###.....#
∆ #.# #.....#
#######.###.#####
#..@...<..s..#
#<....#.###..#
...........# #..#
####.....#.# #..#
# #.........
###.#.#.###
......# ∆
.....#.# #


You could see a scorpion.

Vanquished Creatures
  A centaur (D:5)
  A hound (D:6)
  An adder (D:6)
  2 orcs
5 creatures vanquished.

Notes
Turn   | Place    | Note
-------+----------+-------------------------------------------
     0 | D:5      | Reached skill level 9 in Stealth
     0 | D:5      | croobank the Gnoll Delver began the quest for the Orb.
     0 | D:5      | Reached XP level 1. HP: 23/23 MP: 1/1
    22 | D:6      | Found an opulent altar of Gozag.
    71 | D:6      | Noticed a scorpion
   102 | D:5      | Noticed a scorpion
   112 | D:5      | Noticed a centaur
   123 | D:5      | Killed a centaur
   124 | D:5      | Reached skill level 1 in Long Blades
   124 | D:5      | Reached skill level 1 in Axes
   124 | D:5      | Reached skill level 1 in Maces & Flails
   124 | D:5      | Reached skill level 1 in Polearms
   124 | D:5      | Reached skill level 1 in Staves
   124 | D:5      | Reached skill level 1 in Ranged Weapons
   124 | D:5      | Reached skill level 1 in Throwing
   124 | D:5      | Reached skill level 1 in Armour
   124 | D:5      | Reached skill level 1 in Shields
   124 | D:5      | Reached skill level 1 in Unarmed Combat
   124 | D:5      | Reached skill level 1 in Spellcasting
   124 | D:5      | Reached skill level 1 in Invocations
   124 | D:5      | Reached skill level 1 in Evocations
   124 | D:5      | Reached skill level 1 in Shapeshifting
   124 | D:5      | Reached XP level 2. HP: 29/29 MP: 1/3
   124 | D:5      | Reached XP level 3. HP: 35/35 MP: 1/4
   124 | D:5      | Reached XP level 4. HP: 41/41 MP: 1/5
   317 | D:6      | Reached skill level 1 in Conjurations
   317 | D:6      | Reached skill level 1 in Hexes
   317 | D:6      | Reached skill level 1 in Summonings
   317 | D:6      | Reached skill level 1 in Necromancy
   317 | D:6      | Reached skill level 1 in Translocations
   317 | D:6      | Reached skill level 1 in Transmutations
   317 | D:6      | Reached skill level 1 in Fire Magic
   317 | D:6      | Reached skill level 1 in Ice Magic
   317 | D:6      | Reached skill level 1 in Air Magic
   317 | D:6      | Reached skill level 1 in Earth Magic
   317 | D:6      | Reached skill level 1 in Poison Magic
   429 | D:6      | Reached XP level 5. HP: 37/47 MP: 5/7
   537 | D:5      | HP: 1/47 [poisoned by a scorpion]
   538 | D:5      | Succumbed to a scorpion's poison

Illustrated notes

Levels and vault maps discovered:
D:5:      layout_loops_ring, minmay_temple_entry_wispy
D:6:      dreamdust_elfheim, layout_loops_ring,
          minmay_overflow_temple_star_quad, grunt_gozag_breadcrumbs

Skill      XL: |  1  2  3  4 |
---------------+-------------+-----
Stealth        | |  9.6
Long Blades    | 1 |  1.3
Axes           | 1 |  1.3
Maces & Flails | 1 |  1.3
Polearms       | 1 |  1.3
Staves         | 1 |  1.3
Ranged Weapons | 1 |  1.3
Throwing       | 1 |  1.3
Armour         | 1 |  1.3
Shields        | 1 |  1.3
Unarmed Combat | 1 |  1.3
Spellcasting   | 1 |  1.3
Invocations    | 1 |  1.5
Evocations     | 1 |  1.3
Shapeshifting  | 1 |  1.2
Conjurations   | 1 |  1.1
Hexes          | 1 |  1.1
Summonings     | 1 |  1.1
Necromancy     | 1 |  1.1
Translocations | 1 |  1.1
Transmutations | 1 |  1.1
Fire Magic     | 1 |  1.1
Ice Magic      | 1 |  1.1
Air Magic      | 1 |  1.1
Earth Magic    | 1 |  1.1
Poison Magic   | 1 |  1.1
Fighting       | |  6.6
Short Blades   | |  4.7
Dodging        | |  4.7

Action                     |  1- 3 |  4- 6 || total
---------------------------+-------+-------++-------
  Melee: Short sword       |     7 |    30 ||    37
         Punch             |       |     1 ||     1
         Bite              |       |     4 ||     4
   Fire: Shortbow          |       |    16 ||    16
    Use: Scroll            |       |     1 ||     1
   Stab: Sleeping          |     1 |       ||     1
 Armour: Leather armour    |     2 |    22 ||    24
  Dodge: Dodged            |     4 |    35 ||    39

Table legend: (Time is in decaauts)
 A = Elapsed time spent in this place.
 B = Non-inter-level travel time spent in this place.
 C = Inter-level travel time spent in this place.
 D = Time resting spent in this place.
 E = Time spent auto-exploring this place.
 F = Levels seen in this place.
 G = Mean time per level.
                   A        B        C        D        E       F      G
               +--------+--------+--------+--------+--------+-----+--------+
         Total |    531 |    474 |     57 |    143 |    176 |   2 |  265.5 |
       Dungeon |    531 |    474 |     57 |    143 |    176 |   2 |  265.5 |
               +--------+--------+--------+--------+--------+-----+--------+

Top non-repeatable levels by time:
     D:6: 276 daAuts
     D:5: 255 daAuts
